 Dungeon Crawl Stone Soup version 0.29-a0-362-g5854e031c7 (webtiles) character file.

Game seed: 10386653204320861621

359 Morbidden the Chopper (level 6, 48/48 HPs)
             Began as a Demonspawn Fighter on Apr 29, 2022.
             Quit the game on level 4 of the Dungeon.
             The game lasted 00:03:09 (3025 turns).

Morbidden the Chopper (Demonspawn Fighter)          Turns: 3025, Time: 00:03:10

Health: 48/48      AC: 15    Str: 24    XL:     6   Next: 37%
Magic:  6/6        EV:  6    Int:  9    God:
Gold:   111        SH:  5    Dex: 13    Spells: 5/5 levels left

rFire   . . .      SeeInvis .   a - +0 war axe
rCold   . . .      Faith    .   c - +0 buckler
rNeg    . . .      Spirit   .   n - +1 plate armour
rPois   .          Reflect  .   (no helmet)
rElec   .          Harm     .   (no cloak)
rCorr   .          Rampage  .   f - +0 pair of gloves
Will    .....                   (no boots)
Stlth   ..........              (no amulet)
HPRegen 0.16/turn               o - +6 ring of strength
MPRegen 0.10/turn               (no ring)

@: no status effects
A: claws 1, yellow scales 1, powered by pain 2
a: no special abilities


You were on level 4 of the Dungeon.
You visited 1 branch of the dungeon, and saw 4 of its levels.

You collected 111 gold pieces.

Inventory:

Hand Weapons
 a - a +0 war axe (weapon)
Armour
 c - a +0 buckler (worn)
 f - a +0 pair of gloves (worn)
 n - a +1 plate armour (worn)
Jewellery
 o - a +6 ring of strength (left hand)
Scrolls
 k - 2 scrolls of identify
 l - 2 scrolls of blinking
 q - a scroll of teleportation
Potions
 d - a potion of cancellation {unknown}
 h - 3 potions of curing {unknown}
 i - 3 potions of degeneration {unknown}
 j - a potion of attraction {unknown}
 m - 2 potions of brilliance {unknown}
 p - 3 potions of magic {unknown}
 r - 2 potions of flight {unknown}
 s - 4 potions of lignification {unknown}
 u - 2 potions of mutation


   Skills:
 + Level 3.9 Fighting
 + Level 4.3 Axes
 + Level 3.9 Armour
 + Level 0.1 Dodging
 + Level 3.5 Shields


You had 5 spell levels left.
You didn't know any spells.
Your spell library contained the following spells:

 Spells                   Type           Power      Damage    Failure   Level
 Pain                     Necr           0%         1d4       100%        1
 Ensorcelled Hibernation  Hex/Ice        0%         N/A       100%        2
 Passwall                 Tmut/Erth      0%         N/A       100%        2
 Swiftness                Air            0%         N/A       100%        3
 Agony                    Necr           0%         N/A       100%        5
 Excruciating Wounds      Necr           0%         N/A       100%        5


Dungeon Overview and Level Annotations

Branches:
Dungeon (4/15)
 Temple: D:4-7

Altars:

Shops:
D:1 [   D:2 =   D:3 ?

Annotations:
D:4 Pikel


Innate Abilities, Weirdness & Mutations

You have sharp fingernails.
You are partially covered in yellow scales. (AC +2)
You sometimes gain power by taking damage.


Message History

Press: ? - help, Dir - move target Pikel, 2 lemures, an orc priest and 2 orcs come into view.
Pikel is wielding a +1 whip of electrocution and carrying a wand of iceblast (8).
Found 19 stones.
Found a stone staircase leading down.
As you read the scroll labelled LAYFIBLYXOJ, it crumbles to dust.
It was a scroll of blinking.
Pikel shouts!
The lemure shouts! x2; The orc shouts!
The orc priest shouts!
You hear a shout! x2
An orc comes into view. It is wielding a +0 short sword.
The lemure hits you.
Unknown command.
As you read the scroll labelled SASKEAKL FEVIRUCK, it crumbles to dust.
It is a scroll of identify.
u - 2 potions of mutation The ufetubus barely misses you.
The ufetubus completely misses you.
The ufetubus hits you but does no damage. x2
An orc wizard comes into view. It is wielding a +1 antimagic dagger.
You block the lemure's attack. The lemure hits you but does no damage.
The lemure attacks as you move away! The lemure closely misses you.
The lemure attacks as you move away! The lemure hits you but does no damage.
Your surroundings suddenly seem different.
Unknown command.
Unknown command.
HP restored.
An adder comes into view.
The adder hisses angrily.
An adder is nearby!
An adder is nearby!
An adder is nearby!
An adder is nearby!
You closely miss the adder.
The adder bites you but does no damage. x2
You barely miss the adder. The adder bites you but does no damage.
You block the adder's attack.
You closely miss the adder. The adder bites you but does no damage.
An adder is nearby!
You miss the adder.
The adder bites you but does no damage. x2
Unknown command.
Annotate which branch? (. - D:4, ? - help, ! - show branch list)
Okay, then.
Are you sure you want to abandon this character and quit the game? (Confirm with "yes".)

###
######.###
#........##
#......#..##
#......##@.#
#.....###.S.#
##...##
##....# #####
#.....#
#...## ...#
...# ...#


You could see an adder.

Vanquished Creatures
  Sigmund (D:3)
  A scorpion (D:3)
  2 orc wizards (D:3)
  4 adders
  3 worms (D:2)
  A dart slug (D:1)
  4 orcs
  5 bats
  6 endoplasms
  2 giant cockroaches
  5 goblins
  4 hobgoblins
  2 quokkas
  2 ball pythons
  5 frilled lizards
  3 kobolds
  3 rats
53 creatures vanquished.

Notes
Turn   | Place    | Note
-------+----------+-------------------------------------------
     0 | D:1      | Morbidden the Demonspawn Fighter began the quest for the
                  | Orb.
     0 | D:1      | Reached XP level 1. HP: 18/18 MP: 1/1
   290 | D:1      | Gained mutation: You are partially covered in yellow
                  | scales. (AC +2) [demonic ancestry]
   290 | D:1      | Reached XP level 2. HP: 23/24 MP: 2/2
   579 | D:1      | Found Zyaqor's Antique Armour Boutique.
   709 | D:2      | Found Xotomo Acha's Jewellery Shoppe.
   745 | D:2      | Reached skill level 2 in Axes
   822 | D:2      | Reached XP level 3. HP: 21/29 MP: 3/3
  1942 | D:3      | Gained mutation: You sometimes gain a little power by
                  | taking damage. [demonic ancestry]
  1942 | D:3      | Reached XP level 4. HP: 35/35 MP: 4/4
  1954 | D:3      | Reached skill level 3 in Axes
  2158 | D:3      | Gained mutation: You sometimes gain power by taking damage.
                  | [demonic ancestry]
  2158 | D:3      | Reached XP level 5. HP: 41/41 MP: 5/5
  2449 | D:3      | Found Kankikaf's Magic Scroll Shop.
  2611 | D:3      | Noticed Sigmund
  2633 | D:3      | Killed Sigmund
  2634 | D:3      | Reached skill level 4 in Axes
  2634 | D:3      | Gained mutation: You have sharp fingernails. [demonic
                  | ancestry]
  2634 | D:3      | Reached XP level 6. HP: 37/48 MP: 6/6
  2984 | D:4      | Noticed Pikel
  3025 | D:4      | Quit the game

Illustrated notes

Levels and vault maps discovered:
D:1:      sevenhm_arrival_forest_fort_large_2, layout_basic, serial_shops,
          nicolae_shop_overgrown_old_shop, minmay_split_cup_large
D:2:      kb_forest_paths, layout_basic, serial_shops, shop
D:3:      layout_basic, serial_shops, shop, uniq_sigmund
D:4:      layout_cave_pods, mainiacjoe_overflow_surrounded_room,
          jmf_multi_god_temple, minmay_temple_entry_statues,
          corexii_hall_statues_t, uniq_pikel

Skill      XL: |  1  2  3  4  5 |
---------------+----------------+-----
Armour         | 3 |  3.9
Axes           | 2 3 4 |  4.3
Shields        | 3 |  3.5
Fighting       | |  3.9
Dodging        | |  0.1

Action                   |  1- 3 |  4- 6 || total
-------------------------+-------+-------++-------
Melee: War axe           |   109 |    70 ||   179
  Use: Potion            |       |     3 ||     3
       Scroll            |       |     7 ||     7
Armor: Scale mail        |    24 |       ||    24
       Plate armour      |    49 |    68 ||   117
Dodge: Dodged            |    31 |    26 ||    57
Block: Buckler           |    23 |    11 ||    34

Table legend: (Time is in decaauts)
 A = Elapsed time spent in this place.
 B = Non-inter-level travel time spent in this place.
 C = Inter-level travel time spent in this place.
 D = Time resting spent in this place.
 E = Time spent auto-exploring this place.
 F = Levels seen in this place.
 G = Mean time per level.
                   A        B        C        D        E       F      G
               +--------+--------+--------+--------+--------+-----+--------+
         Total |   3096 |   2989 |    107 |    441 |   2064 |   4 |  774.0 |
       Dungeon |   3096 |   2989 |    107 |    441 |   2064 |   4 |  774.0 |
               +--------+--------+--------+--------+--------+-----+--------+

Top non-repeatable levels by time:
     D:2: 1273 daAuts
     D:3: 1069 daAuts
     D:1: 708 daAuts
     D:4: 45 daAuts
